 Dungeon Crawl Stone Soup version 0.20.1-1-g8b1a95d (webtiles) character file.

2169 tschems the Chopper (level 9, -4/74 HPs)
             Began as a Human Fighter on July 31, 2017.
             Slain by a two-headed ogre
             ... wielding a +0 giant club
              (14 damage)
             ... on level 7 of the Dungeon.
             The game lasted 00:22:58 (5672 turns).

tschems the Chopper (Human Fighter)                 Turns: 5672, Time: 00:23:00

Health: -4/74      AC: 14    Str: 19    XL:     9   Next: 58%
Magic:  9/9        EV: 11    Int:  9    God:
Gold:   289        SH: 10    Dex: 13    Spells: 8/8 levels left

rFire    + . .     SeeInvis .   y - +1 broad axe
rCold    . . .     Gourm    .   c - +0 shield
rNeg     . . .     Faith    .   b - +0 scale mail
rPois    .         Spirit   .   q - +1 helmet
rElec    .         Reflect  .   l - +1 cloak
rCorr    .         Harm     .   h - +1 pair of gloves
MR       .....                  (no boots)
Stlth    ..........             (no amulet)
Regen    0.3/turn               (no ring)
MPRegen  0.2/turn               (no ring)

@: no status effects
A: repulsion field 1, fire resistance 1, robust 1
a: no special abilities


You were on level 7 of the Dungeon.
You were not hungry.

You visited 2 branches of the dungeon, and saw 8 of its levels.

You collected 289 gold pieces.

Inventory:

Hand Weapons
 y - a +1 broad axe (weapon)
Missiles
 i - 278 stones (quivered)
 s - 2 tomahawks
 t - 2 javelins
Armour
 b - a +0 scale mail (worn)
 c - a +0 shield (worn)
 h - a +1 pair of gloves (worn)
 l - a +1 cloak (worn)
 q - a +1 helmet (worn)
Jewellery
 a - an uncursed ring of protection from fire
 w - an uncursed ring of stealth
Wands
 n - a wand of polymorph (13/24)
 C - a wand of flame (23/48)
 F - a wand of scattershot (4/9)
Scrolls
 e - 8 scrolls of identify
 g - a scroll of fog
 j - 4 scrolls of fear
 m - a scroll of enchant weapon
 o - a scroll of teleportation
 B - a scroll of blinking
 D - 2 scrolls of remove curse
Potions
 d - 6 potions of might
 r - 2 potions of heal wounds
 u - 2 potions of agility
 v - 2 potions of haste
 x - 3 potions of curing
 E - a potion of magic
Books
 p - a book of Misfortune

   Spells                             Type                      Level
   a - Confusing Touch                Hexes                        1
   b - Confuse                        Hexes                        3
   c - Gell's Gravitas                Translocation                3
   d - Petrify                        Transmutation/Earth          4
   e - Metabolic Englaciation         Hexes/Ice                    5
   f - Yara's Violent Unravelling     Hexes/Transmutation          5
 A - a book of Maledictions

   Spells                             Type                      Level
   a - Corona                         Hexes                        1
   b - Ensorcelled Hibernation        Hexes/Ice                    2
   c - Confuse                        Hexes                        3
   d - Tukima's Dance                 Hexes                        3
   e - Dazzling Spray                 Conjuration/Hexes            3
Comestibles
 f - 5 bread rations
 k - 5 meat rations
 z - 3 fruits
 G - 4 chunks of flesh


   Skills:
 + Level 5.3 Fighting
 + Level 7.8 Axes
 + Level 1.4 Throwing
 + Level 6.0 Armour
 + Level 2.6 Dodging
 + Level 0.7 Stealth
 + Level 6.0 Shields
 + Level 0.2 Evocations


You had 8 spell levels left.
You didn't know any spells.

Dungeon Overview and Level Annotations

Branches:
Dungeon (7/15)             Temple (1/1) D:5

Altars:
Ashenzari
Cheibriados
Dithmenos
Elyvilon
Gozag
Hepliaklqana
Kikubaaqudgha
Makhleb
Nemelex Xobeh
Qazlal
Ru
Sif Muna
Trog
Uskayaw
Vehumet
Xom
Yredelemnul
Zin
The Shining One

Shops:
D:4 ?   D:6 %


Innate Abilities, Weirdness & Mutations

You are surrounded by a mild repulsion field. (EV +2)
Your flesh is heat resistant. (rF+)
You are robust. (+10% HP)


Message History

The two-headed ogre is heavily wounded.
The two-headed ogre completely misses you.
You block the two-headed ogre's attack.
You hit the two-headed ogre.
The two-headed ogre is severely wounded.
The two-headed ogre hits you with a giant club!
The two-headed ogre hits you with a dire flail.
* * * LOW HITPOINT WARNING * * *
You slash the two-headed ogre!
The two-headed ogre is almost dead.
The two-headed ogre hits you with a giant club.
* * * LOW HITPOINT WARNING * * *
You block the two-headed ogre's attack.
Your shield and scale mail prevent you from hitting the two-headed ogre.
The two-headed ogre is almost dead.
The two-headed ogre barely misses you.
The two-headed ogre hits you with a dire flail!
* * * LOW HITPOINT WARNING * * *
The two-headed ogre hits you with a giant club!
You die...

#.#...####..#
#.##........#
#.#########.#
#.# #.####
#.# #....#
#.# ####.#
#.# #.#
####.# #.#
#.O@.# #.#
#(#### #.#
...
##########.#
###(
#..........#
#(
#.###########
#.
#.#..........
#.
#.#.#########
#. #.#.#
##### #.#.#
#....


You could see a two-headed ogre.

Vanquished Creatures
  Prince Ribbit (D:7)
  Sigmund (D:2)
  A hungry ghost (D:7)
  An orc warrior (D:6)
  The ghost of Zaque the Chopper, an amateur MiBe of Trog (D:3)
  2 phantoms
  An ice beast (D:5)
  3 ogres
  Blork the orc (D:4)
  A big kobold (D:7)
  3 bullfrogs
  A wyvern zombie (D:6)
  2 howler monkeys
  A crimson imp (D:6)
  A bullfrog skeleton (D:5)
  2 orc priests
  8 orc wizards
  A worker ant (D:6)
  A hound skeleton (D:6)
  Robin (D:4)
  A worker ant zombie (D:7)
  7 adders
  A shadow imp (D:7)
  An adder skeleton (D:4)
  A worm (D:3)
  3 leopard geckos
  14 orcs
  4 giant cockroaches
  13 goblins
  8 hobgoblins
  2 quokkas
  4 bats
  6 frilled lizards
  12 kobolds
  7 rats
118 creatures vanquished.

Notes
Turn   | Place    | Note
-------+----------+-------------------------------------------
     0 | D:1      | tschems the Human Fighter began the quest for the Orb.
     0 | D:1      | Reached XP level 1. HP: 18/18 MP: 1/1
    98 | D:1      | Reached XP level 2. HP: 12/24 MP: 2/2
   836 | D:2      | Reached XP level 3. HP: 19/29 MP: 3/3
  1045 | D:2      | Noticed Sigmund
  1074 | D:2      | Killed Sigmund
  1074 | D:2      | Reached skill level 3 in Axes
  1074 | D:2      | Reached skill level 1 in Dodging
  1074 | D:2      | Reached XP level 4. HP: 24/35 MP: 4/4
  1074 | D:2      | Reached XP level 5. HP: 29/41 MP: 5/5
  1149 | D:2      | Reached XP level 6. HP: 29/47 MP: 6/6
  1636 | D:3      | Noticed Zaque's ghost (amateur MiBe)
  1854 | D:3      | Killed Zaque's ghost
  1854 | D:3      | Reached skill level 4 in Axes
  2051 | D:3      | Gained mutation: You have a pair of small horns on your head. [potion of mutation]
  2051 | D:3      | Gained mutation: You have a beak for a mouth. [potion of mutation]
  2051 | D:3      | Gained mutation: You have a pair of horns on your head. [potion of mutation]
  2191 | D:3      | Found a white marble altar of Elyvilon.
  2264 | D:3      | Found a glowing golden altar of the Shining One.
  2392 | D:4      | Reached XP level 7. HP: 47/53 MP: 7/7
  2468 | D:4      | Found Qoraez's Magic Scroll Emporium.
  2616 | D:4      | Noticed Blork the orc
  2626 | D:4      | Killed Blork the orc
  3127 | D:4      | Noticed Robin
  3129 | D:4      | Killed Robin
  3165 | D:4      | Found a deep blue altar of Sif Muna.
  3314 | D:4      | Reached skill level 5 in Axes
  3314 | D:4      | Reached XP level 8. HP: 56/60 MP: 8/8
  3378 | D:4      | Found a sparkling altar of Nemelex Xobeh.
  3482 | D:5      | Entered Level 5 of the Dungeon
  3540 | D:5      | Reached skill level 1 in Throwing
  3540 | D:5      | Reached skill level 5 in Armour
  3606 | D:5      | Reached skill level 5 in Shields
  3655 | D:5      | Lost mutation: You have a pair of horns on your head. [potion of mutation]
  3655 | D:5      | Lost mutation: You have a pair of small horns on your head. [potion of mutation]
  3655 | D:5      | Lost mutation: You have a beak for a mouth. [potion of mutation]
  3655 | D:5      | Gained mutation: You are surrounded by a mild repulsion field. (EV +2) [potion of mutation]
  3655 | D:5      | Gained mutation: You are robust. (+10% HP) [potion of mutation]
  3655 | D:5      | Gained mutation: Your flesh is heat resistant. (rF+) [potion of mutation]
  3733 | D:5      | Found a staircase to the Ecumenical Temple.
  3744 | Temple   | Entered the Ecumenical Temple
  4247 | D:6      | Found Eproliq's Food Emporium.
  4454 | D:6      | Reached skill level 6 in Axes
  4900 | D:6      | Reached skill level 5 in Fighting
  5145 | D:7      | Reached XP level 9. HP: 70/74 MP: 9/9
  5218 | D:7      | Reached skill level 7 in Axes
  5328 | D:7      | Paralysed by fainting for 7 turns
  5631 | D:7      | Noticed Prince Ribbit
  5645 | D:7      | Killed Prince Ribbit
  5663 | D:7      | Noticed a two-headed ogre
  5672 | D:7      | Slain by a two-headed ogre

Skill      XL: |  1  2  3  4  5  6  7  8  9 |
---------------+----------------------------+-----
Axes           | 3 4 5 6 7 |  7.8
Armour         | 4 5 6 |  6.0
Dodging        | 1 2 |  2.6
Shields        | 4 5 6 |  6.0
Fighting       | 4 5 |  5.3
Throwing       | 1 |  1.4
Stealth        | |  0.7
Evocations     | |  0.2

Action                   |  1- 3 |  4- 6 |  7- 9 || total
-------------------------+-------+-------+-------++-------
Melee: War axe           |   100 |   107 |    36 ||   243
       Headbutt          |       |     3 |    19 ||    22
       Broad axe         |       |       |   255 ||   255
       Peck              |       |       |    19 ||    19
Throw: Stone             |       |       |    25 ||    25
Evoke: Wand              |       |       |     1 ||     1
  Use: Potion            |     4 |     4 |     2 ||    10
       Scroll            |       |       |    12 ||    12
  Eat: Chunk             |     1 |     4 |    12 ||    17
       Fruit             |       |       |     2 ||     2
Armor: Scale mail        |    56 |    50 |   122 ||   228
Dodge: Dodged            |    35 |    48 |   113 ||   196
Block: Shield            |    57 |    61 |   144 ||   262
